 Dungeon Crawl Stone Soup version 0.30-a0-390-g80c34de65d (webtiles) character file.

Game seed: 12737386060865751587

8907 pokeman the Thaumaturge (level 11, -4/60 HPs)
             Began as a Deep Elf Hedge Wizard on Dec 4, 2022.
             Was a Believer of Vehumet.
             Slain by a killer bee (6 damage)
             ... on level 11 of the Dungeon.
             The game lasted 00:27:42 (11803 turns).

pokeman the Thaumaturge (Deep Elf Hedge Wizard)    Turns: 11803, Time: 00:27:42

Health: -4/60      AC: 11    Str:  7    XL:     11   Next: 16%
Magic:  28/31      EV: 13    Int: 24    God:    Vehumet [**....]
Gold:   391        SH:  0    Dex: 14    Spells: 22/38 levels left

rFire   . . .      SeeInvis .    r - +2 war axe (elec)
rCold   + . .      Faith    .    (no shield)
rNeg    . . .      Spirit   .    K - +0 steam dragon scales
rPois   +          Reflect  .    g - +2 helmet
rElec   .          Harm     .    y - +0 cloak
rCorr   .          Rampage  .    (no gloves)
Will    +....                    L - +0 pair of boots of Xessa {+Inv rC+}
Stlth   ++........               E - amulet of magic regeneration
HPRegen 0.30/turn                l - ring of poison resistance
MPRegen 0.62/turn                D - ring of wizardry

@: on blink cooldown
A: no striking features
a: Renounce Religion, Evoke Invisibility


You were on level 11 of the Dungeon.
You worshipped Vehumet.
Vehumet was pleased with you.
You visited 2 branches of the dungeon, and saw 12 of its levels.

You collected 642 gold pieces.
You spent 251 gold pieces at shops.

Inventory:

Hand Weapons
 f - a +2 short sword of venom
 r - a +2 war axe of electrocution (weapon)
 P - a +1 shortbow of draining
Missiles
 e - a throwing net
 Q - 3 curare-tipped darts
Armour
 g - a +2 helmet (worn)
 o - a +0 buckler
 s - the +1 leather armour "Jooqeoklor" {*Slow rN+ Str+7}
   (You found it on level 4 of the Dungeon)

   Str:       It affects your strength (+7).
   rN:        It protects you from negative energy.
   *Slow:     It may slow you when you take damage.
 w - the +1 robe of Viaxijafef {rC+}
   (You found it on level 4 of the Dungeon)

   rC:        It protects you from cold.
 y - a +0 cloak (worn)
 K - +0 steam dragon scales (worn)
 L - the +0 pair of boots of Xessa (worn) {+Inv rC+}
   (You bought it in a shop on level 8 of the Dungeon)

   rC:        It protects you from cold.
   +Inv:      It lets you turn invisible.
Jewellery
 c - a ring of protection from cold
 l - a ring of poison resistance (left hand)
 x - a +4 ring of evasion
 A - a ring of see invisible
 D - a ring of wizardry (right hand)
 E - an amulet of magic regeneration (around neck)
Wands
 G - a wand of quicksilver (31)
 S - a wand of charming (3)
Scrolls
 h - 7 scrolls of vulnerability
 i - 2 scrolls of magic mapping
 j - 3 scrolls of teleportation
 k - 4 scrolls of brand weapon
 m - 4 scrolls of poison
 p - 3 scrolls of noise {unknown}
 q - 2 scrolls of fear {unknown}
 t - 2 scrolls of fog {unknown}
 v - 3 scrolls of enchant weapon {unknown}
 z - a scroll of torment {unknown}
 C - a scroll of enchant armour {unknown}
 H - 2 scrolls of amnesia {unknown}
 I - a scroll of silence {unknown}
 J - 2 scrolls of blinking {unknown}
 M - a scroll of acquirement {unknown}
 O - a scroll of immolation {unknown}
Potions
 a - 4 potions of curing
 b - 2 potions of attraction
 d - 3 potions of magic
 n - 4 potions of lignification
 u - 7 potions of flight
 B - a potion of resistance
 F - a potion of brilliance
 N - a potion of mutation
 R - a potion of haste


   Skills:
 - Level 3.3 Fighting
 - Level 3.0 Armour
 - Level 3.0 Dodging
 - Level 3.0 Stealth
 + Level 3.8 Shields
 * Level 14.4 Spellcasting
 + Level 8.2 Conjurations
 + Level 7.6 Summonings
 - Level 1.1 Translocations
 + Level 3.4 Fire Magic
 - Level 1.0 Air Magic
 - Level 1.1 Poison Magic
 - Level 3.0 Evocations


You had 22 spell levels left.
You knew the following spells:

 Your Spells              Type           Power      Damage    Failure   Level
a - Magic Dart            Conj           100%       1d8       1%          1
b - Mephitic Cloud        Conj/Pois/Air  34%        N/A       1%          3
c - Call Imp              Summ           52%        N/A       1%          2
d - Blink                 Tloc           44%        N/A       1%          2
e - Foxfire               Conj/Fire      100%       2x1d9     1%          1
f - Summon Hydra          Summ           26%        N/A       43%         7

Your spell library contained the following spells:

 Spells                   Type           Power      Damage    Failure   Level
 Poisonous Vapours        Pois/Air       44%        N/A       1%          2
 Apportation              Tloc           44%        N/A       1%          1
 Freeze                   Ice            68%        1d8       1%          1
 Slow                     Hex            68%        N/A       1%          1
 Cigotuvi's Dreadful Rot  Necr/Pois/Air  40%        N/A       1%          2
 Sublimation of Blood     Necr           17%        N/A       1%          2
 Wereblood                Tmut           17%        N/A       1%          2
 Hailstorm                Conj/Ice       37%        3d9       1%          3
 Summon Lightning Spire   Summ/Air       38%        N/A       2%          4
 Frozen Ramparts          Ice            34%        1d6       4%          3
 Lightning Bolt           Conj/Air       19%        1d34      6%          5
 Airstrike                Air            11%        2d(2-18)  9%          4
 Alistair's Intoxication  Tmut/Pois      12%        N/A       28%         5


Dungeon Overview and Level Annotations

Branches:
Dungeon (11/15)            Temple (1/1) D:7            Lair (0/5) D:8
    Orc (0/2) D:10

Altars:
Ashenzari
Dithmenos
Elyvilon
Fedhas
Gozag
Hepliaklqana
Kikubaaqudgha
Nemelex Xobeh
Okawaru
Qazlal
Ru
Sif Muna
Trog
Vehumet
Yredelemnul
Zin
The Shining One

Shops:
D:3 *   D:7 =   D:8 [*[   D:10 **

Annotations:
D:11 Maurice


Message History

The killer bee stings you but does no damage.
The basilisk bites you but does no damage.
The yak gores you but does no damage. The yak barely misses you.
The killer bee stings you. The purple ugly thing claws you.
* * * LOW HITPOINT WARNING * * *
You turn to flesh and can move again.
Casting: Foxfire (safe; 1% risk of failure)
Confirm with . or Enter, or press ? or * to list all spells.
You blink.
You hear a zap.
Something tries to affect you, but you resist.
The basilisk hisses menacingly.
Unknown command.
Casting: Blink (safe; 1% risk of failure)
Confirm with . or Enter, or press ? or * to list all spells.
Aiming: Mephitic Cloud (safe; 1% risk of failure)
Press: ? - help, Shift-Dir - straight line The ball explodes into a vile cloud!
The stinking cloud engulfs the killer bee but does no damage.
The stinking cloud engulfs something but does no damage.
The stinking cloud engulfs you but does no damage.
You hear a bellow!
You hear a shout!
You hear a bellow!
The killer bee is engulfed in noxious fumes.
The killer bee appears confused.
The killer bee stings you but does no damage.
You hear a zap.
Something tries to affect you, but you resist.
The killer bee is engulfed in noxious fumes.
The killer bee appears confused.
The killer bee stings you but does no damage.
Unknown command.
Something hits you but does no damage.
The killer bee is engulfed in noxious fumes.
Something hits you.
* * * LOW HITPOINT WARNING * * *
The killer bee is engulfed in noxious fumes.
The killer bee appears confused.
The killer bee stings you but does no damage.
The killer bee barely misses itself.
The killer bee stings you.
You die...

....Y..........
...............
.............#.
#.<.......
#............#
.....##......## #...
.......## . #..
........### ... ..
........@..#..... #
.......yy.ā—‹.....#
#........{ā—‹.....##
.......lā—‹......#
.#......u.......
.##...Y.Y.......
(...............
.......<........
.............##.


You could see a purple ugly thing, 2 yaks, a basilisk and 2 killer bees.

Vanquished Creatures
  3 two-headed ogres
  A kobold demonologist (D:10)
  A komodo dragon (D:8)
  2 trolls (D:10)
  A shadow (D:10)
  2 wraiths (D:10)
  4 yaks (D:10)
  A steam dragon (D:6)
  Menkaure (D:6)
  A water moccasin (D:5)
  6 ice beasts
  3 orc warriors (D:10)
  A sky beast (D:6)
  A black bear (D:4)
  3 ogres
  6 centaurs
  7 kobold brigands
  A scorpion (D:6)
  2 gnoll sergeants
  4 wights (D:9)
  23 killer bees
  2 electric eels (D:10)
  A jelly (D:5)
  2 hounds
  A gnoll bouda (D:5)
  3 orc priests
  Natasha (thrice) (D:3)
  8 orc wizards
  3 iguanas
  4 adders
  13 gnolls
  A shadow imp (D:6)
  A white imp (D:7)
  A worm (D:2)
  A dart slug (D:5)
  42 orcs
  5 bats
  7 endoplasms
  2 giant cockroaches
  5 goblins
  A hobgoblin (D:1)
  21 kobolds
  2 quokkas
  5 ball pythons
  4 frilled lizards
  4 rats
  A foxfire (D:10)
217 creatures vanquished.

Vanquished Creatures (collateral kills)
  Maggie (D:8)
  An orc wizard (D:8)
  A kobold (D:10)
3 creatures vanquished.

Vanquished Creatures (others)
  A killer bee (D:8)
  An electric eel (D:10)
  230 foxfires
  10 plants
242 creatures vanquished.

Grand Total: 462 creatures vanquished

Notes
Turn   | Place    | Note
-------+----------+-------------------------------------------
     0 | D:1      | pokeman the Deep Elf Hedge Wizard began the quest for the
                  | Orb.
     0 | D:1      | Reached XP level 1. HP: 10/10 MP: 7/7
   199 | D:1      | Reached XP level 2. HP: 4/16 MP: 1/9
   744 | D:1      | Reached skill level 5 in Spellcasting
   962 | D:1      | Reached XP level 3. HP: 20/20 MP: 6/11
   966 | D:1      | Learned a level 3 spell: Mephitic Cloud
   969 | D:1      | Learned a level 2 spell: Call Imp
   972 | D:1      | Learned a level 2 spell: Blink
  1215 | D:2      | Found a faded altar of an unknown god.
  1879 | D:3      | Reached skill level 1 in Armour
  1885 | D:3      | Reached skill level 1 in Fighting
  2029 | D:3      | Noticed Natasha
  2038 | D:3      | Killed Natasha
  2039 | D:3      | Reached XP level 4. HP: 15/25 MP: 9/13
  2103 | D:3      | Found Zin's Purification Station.
  2105 | D:3      | Found a glowing silver altar of Zin.
  2413 | D:3      | Noticed Natasha
  2419 | D:3      | Killed Natasha
  2512 | D:3      | Noticed Natasha
  2525 | D:3      | Killed Natasha
  2526 | D:3      | Reached skill level 6 in Spellcasting
  2526 | D:3      | Reached XP level 5. HP: 20/29 MP: 12/15
  2784 | D:4      | Noticed an ogre
  2792 | D:4      | Killed an ogre
  2793 | D:4      | Reached skill level 1 in Air Magic
  2841 | D:4      | Noticed a black bear
  2859 | D:4      | Killed a black bear
  2860 | D:4      | Reached skill level 1 in Shields
  2860 | D:4      | Reached skill level 7 in Spellcasting
  2860 | D:4      | Reached XP level 6. HP: 27/34 MP: 6/18
  3147 | D:4      | Found a glowing golden altar of the Shining One.
  3160 | D:4      | Identified the +1 leather armour "Jooqeoklor" {*Slow rN+
                  | Str+7}
  3313 | D:4      | Identified the +1 robe of Viaxijafef {rC+}
  3769 | D:5      | Entered Level 5 of the Dungeon
  3792 | D:5      | Reached skill level 1 in Poison Magic
  4077 | D:5      | Noticed a water moccasin
  4083 | D:5      | Noticed an ice beast
  4086 | D:5      | Killed a water moccasin
  4087 | D:5      | Reached XP level 7. HP: 36/38 MP: 14/20
  4182 | D:5      | Reached skill level 8 in Spellcasting
  5145 | D:6      | Noticed Menkaure
  5154 | D:6      | Killed Menkaure
  5155 | D:6      | Reached skill level 9 in Spellcasting
  5155 | D:6      | Reached XP level 8. HP: 22/43 MP: 8/23
  5408 | D:6      | Reached skill level 5 in Conjurations
  5620 | D:6      | Reached skill level 10 in Spellcasting
  6670 | D:7      | Reached XP level 9. HP: 49/49 MP: 22/25
  6684 | D:7      | Found Soihur's Jewellery Emporium.
  6810 | D:7      | Found a staircase to the Ecumenical Temple.
  6876 | Temple   | Entered the Ecumenical Temple
  7079 | Temple   | Became a worshipper of Vehumet
  7805 | D:8      | Noticed Maggie
  7813 | D:8      | Noticed a two-headed ogre
  7823 | D:8      | Killed Maggie
  7824 | D:8      | Reached skill level 11 in Spellcasting
  7824 | D:8      | Reached skill level 5 in Summonings
  7824 | D:8      | Reached skill level 1 in Evocations
  8013 | D:8      | Killed a two-headed ogre
  8052 | D:8      | Found Setud's Antique Armour Shoppe.
  8060 | D:8      | Bought a pair of ancient boots for 218 gold pieces
  8060 | D:8      | Identified the +0 pair of boots of Xessa {+Inv rC+} (You
                  | bought it in a shop on level 8 of the Dungeon)
  8169 | D:8      | Found Uruceod's Armour Emporium.
  8418 | D:8      | Noticed a two-headed ogre
  8611 | D:8      | Reached skill level 12 in Spellcasting
  8757 | D:8      | Killed a two-headed ogre
  8758 | D:8      | Reached XP level 10. HP: 56/56 MP: 28/28
  8786 | D:8      | Found Duyhanle's General Store.
  8917 | D:8      | Found a staircase to the Lair.
  9145 | D:9      | Noticed a two-headed ogre
  9159 | D:9      | Killed a two-headed ogre
  9160 | D:9      | Reached skill level 13 in Spellcasting
  9241 | D:9      | Reached * piety under Vehumet
  9241 | D:9      | Offered knowledge of Foxfire by Vehumet.
  9246 | D:9      | Learned a level 1 spell: Foxfire
  9400 | D:9      | Learned a level 7 spell: Summon Hydra
  9476 | D:9      | Reached skill level 1 in Fire Magic
  9791 | D:10     | Entered Level 10 of the Dungeon
 10056 | D:10     | Offered knowledge of Static Discharge by Vehumet.
 10065 | D:10     | Reached ** piety under Vehumet
 10080 | D:10     | Found a staircase to the Orcish Mines.
 10141 | D:10     | Noticed a smoke demon
 10142 | D:10     | Noticed an orange demon
 10458 | D:10     | Found Pumn's Mayhem Merchandise.
 10540 | D:10     | Reached skill level 14 in Spellcasting
 10742 | D:10     | Reached XP level 11. HP: 58/60 MP: 31/31
 10816 | D:10     | Offered knowledge of Poisonous Vapours by Vehumet.
 10846 | D:10     | Found Keahet's General Store.
 10855 | D:10     | Bought a potion of curing for 33 gold pieces
 11546 | D:11     | Noticed Maurice
 11793 | D:11     | Noticed a purple ugly thing
 11803 | D:11     | HP: 2/60 [something (6)]
 11803 | D:11     | Slain by a killer bee

Illustrated notes

Levels and vault maps discovered:
D:1:      eino_arrival_water_cross, layout_loops_ring, minmay_tromino_v7
D:2:      layout_basic, shapermc_ecumenical_altar_notcrosses
D:3:      layout_loops_ring, zin_purify, st_stairs_11, supply_closet_lemuel,
          uniq_natasha
D:4:      layout_basic, lemuel_tele_altar
D:5:      layout_basic
D:6:      layout_loops_ring, nicolae_benzene_ring,
          chequers_serial_rivers_small_b, uniq_menkaure
D:7:      layout_loops_corners, minmay_temple_entry_slanted, serial_shops,
          nicolae_shop_advertising_works [nicolae_subvault_shop_adworks],
          dreamdust_princess_bridge, hangedman_decor_opposing
D:8:      layout_basic, david_lair_shrubbed, serial_shops, shop,
          nicolae_shop_hallway_stairs, shop, uniq_maggie
D:9:      layout_loops_ring
D:10:     layout_layer_cave, erik_orc_2, serial_shops, shop, minivault_24,
          minmay_shop_mayhem, nicolae_wwwww
D:11:     layout_cave_pools, gammafunk_ghost_smash, uniq_maurice, uniq_lodul
Temple:   mainiacjoe_temple_cubbyholes

Skill      XL: |  1  2  3  4  5  6  7  8  9 10 |
---------------+-------------------------------+-----
Spellcasting   | 5 6 7 9 10 12 14 | 14.4
Armour         | 1 2 3 |  3.0
Fighting       | 1 2 3 |  3.3
Conjurations   | 2 3 4 5 6 8 |  8.2
Dodging        | 3 |  3.0
Stealth        | 3 |  3.0
Air Magic      | 1 |  1.0
Shields        | 1 2 3 |  3.8
Poison Magic   | 1 |  1.1
Summonings     | 3 4 6 7 |  7.6
Evocations     | 3 |  3.0
Fire Magic     | 3 |  3.4
Translocations | |  1.1

Action                   |  1- 3 |  4- 6 |  7- 9 | 10-12 || total
-------------------------+-------+-------+-------+-------++-------
Melee: Mace              |     4 |       |       |       ||     4
       Short sword       |     5 |    24 |     3 |       ||    32
       War axe           |       |     4 |   102 |   106 ||   212
       Punch             |       |       |     1 |     1 ||     2
 Cast: Magic Dart        |    90 |    51 |   131 |    30 ||   302
       Mephitic Cloud    |     2 |     4 |    29 |    49 ||    84
       Blink             |     1 |       |     3 |     2 ||     6
       Call Imp          |       |     2 |     9 |     3 ||    14
       Foxfire           |       |       |       |   132 ||   132
Evoke: Wand              |       |       |     4 |     3 ||     7
  Use: Scroll            |       |       |       |    11 ||    11
 Stab: Confused          |       |     1 |     5 |    19 ||    25
Armor: Leather armour    |     2 |     4 |    32 |       ||    38
       Steam dragon scal |       |       |     7 |    56 ||    63
Dodge: Dodged            |    11 |    26 |   100 |   107 ||   244

Table legend: (Time is in decaauts)
 A = Elapsed time spent in this place.
 B = Non-inter-level travel time spent in this place.
 C = Inter-level travel time spent in this place.
 D = Time resting spent in this place.
 E = Time spent auto-exploring this place.
 F = Levels seen in this place.
 G = Mean time per level.
                   A        B        C        D        E       F      G
               +--------+--------+--------+--------+--------+-----+--------+
         Total |  11955 |  11477 |    478 |    621 |   8933 |  12 |  996.2 |
       Dungeon |  11663 |  11272 |    391 |    621 |   8740 |  11 | 1060.3 |
        Temple |    291 |    204 |     87 |      0 |    193 |   1 |  291.0 |
               +--------+--------+--------+--------+--------+-----+--------+

Top non-repeatable levels by time:
    D:10: 2057 daAuts
     D:6: 1392 daAuts
     D:5: 1372 daAuts
     D:8: 1254 daAuts
     D:4: 1123 daAuts
     D:7: 1067 daAuts
     D:1: 1060 daAuts
     D:3: 914 daAuts
     D:9: 719 daAuts
     D:2: 674 daAuts
  Temple: 291 daAuts
    D:11: 26 daAuts
